 Dungeon Crawl Stone Soup version 0.31-a0-151-ge443d1f16c (webtiles) character file.

Game seed: 13946569630364552595

35 qw the Shooter (level 3, -4/21 HPs)
             Began as a Gargoyle Hunter on June 8, 2023.
             Slain by Terence
             ... wielding a +0 flail
              (10 damage)
             ... on level 2 of the Dungeon.
             The game lasted 00:00:21 (769 turns).

qw the Shooter (Gargoyle Hunter)                     Turns: 769, Time: 00:00:22

Health: -4/21      AC:  6    Str: 14    XL:     3   Next: 33%
Magic:  3/3        EV: 11    Int:  9    God:
Gold:   71         SH:  0    Dex: 15    Spells: 2/2 levels left

rFire   . . .        Y - +0 shortbow
rCold   . . .        (shield currently unavailable)
rNeg    + . .        c - +0 leather armour
rPois   inf          (no helmet)
rElec   +            (no cloak)
rCorr   .            (no gloves)
SInv    .            (no boots)
Will    .....        (no amulet)
Stlth   ++           (no ring)
HPRegen 0.23/turn    (no ring)
MPRegen 0.08/turn

%: no passive effects
@: no status effects
A: sickness immunity, AC +3, negative energy resistance 1, electricity
resistance, torment resistance 1, petrification resistance
a: no special abilities


You were on level 2 of the Dungeon.
You visited 1 branch of the dungeon, and saw 2 of its levels.

You collected 71 gold pieces.


Innate Abilities, Weirdness & Mutations

You are immune to sickness and miasma.
Your stone body is resilient. (AC +3)
You are immune to poison.
You resist negative energy. (rN+)
You are resistant to electric shocks. (rElec)
You are resistant to unholy torment.
You are immune to petrification.


   Skills:
 + Level 2.1 Fighting
 - Level 5.1 Ranged Weapons
 - Level 1.5 Dodging
 - Level 1.1 Stealth


You had 2 spell levels left.
You didn't know any spells.
Your spell library was empty.

Inventory:

Hand Weapons
 Y - a +0 shortbow (weapon)
Armour
 c - a +0 leather armour (worn)
Scrolls
 f - a scroll of identify
Potions
 a - a potion of enlightenment {unknown}
 d - a potion of resistance
 g - a potion of heal wounds

Dungeon Overview and Level Annotations

Branches:
Dungeon (2/15)

Altars:

Shops:
D:2 (

Annotations:
D:2 Terence


Message History

HP restored.
You now have 50 gold pieces (gained 10).
You now have 66 gold pieces (gained 16).
You now have 71 gold pieces (gained 5).
Terence the Incautious comes into view.
He is wielding a +0 flail.
Enter note: You shoot an arrow.
The arrow hits Terence but does no damage.
Terence shouts!
You shoot an arrow. The arrow hits Terence.
Terence is lightly wounded.
You shoot an arrow. The arrow barely misses Terence.
You shoot an arrow. The arrow barely misses Terence.
You shoot an arrow. The arrow hits Terence.
Terence is heavily wounded.
Terence hits you with a +0 flail.
You shoot an arrow. The arrow barely misses Terence.
Terence hits you but does no damage.
You shoot an arrow.
The arrow hits Terence but does no damage.
Terence is heavily wounded.
Terence hits you with a +0 flail. Terence hits you with a +0 flail!
You shoot an arrow. The arrow closely misses Terence.
Terence barely misses you.
You shoot an arrow.
The arrow hits Terence but does no damage.
Terence is heavily wounded.
Terence hits you with a +0 flail.
You shoot an arrow. The arrow barely misses Terence.
Terence barely misses you.
You shoot an arrow. The arrow closely misses Terence.
Terence hits you but does no damage.
You shoot an arrow. The arrow closely misses Terence.
Terence closely misses you.
You shoot an arrow. The arrow hits Terence.
Terence is heavily wounded.
Terence hits you with a +0 flail. Terence barely misses you.
You shoot an arrow. The arrow barely misses Terence.
Terence hits you with a +0 flail!
You die...

.. .# #.# #.# #.#
#.######.########
+.....@.........#
#@........#
#.........######
#..............#
########.......#
#.......#
###.......#
#.........#
#.........#
#.###.........#


You could see Terence.

Vanquished Creatures
  An adder (D:2)
  3 bats (D:1)
  6 goblins
  4 hobgoblins (D:1)
  2 kobolds (D:1)
  A quokka (D:1)
  2 ball pythons (D:1)
  3 frilled lizards (D:1)
  4 rats
26 creatures vanquished.

Notes
Turn   | Place    | Note
-------+----------+-------------------------------------------
     0 | D:1      | qw the Gargoyle Hunter began the quest for the Orb.
     0 | D:1      | Reached XP level 1. HP: 12/12 MP: 1/1
     0 | D:1      | 0 ||| qw: Version: 0.2-a-120-gdf1a93b
     0 | D:1      | 0 ||| qw: Game counter: 3072
     0 | D:1      | 0 ||| qw: Always use a shield: true
     0 | D:1      | 0 ||| qw: God list: Okawaru
     0 | D:1      | 0 ||| qw: Allow faded altars: false
     0 | D:1      | 0 ||| qw: Do Orc after D:15 true
     0 | D:1      | 0 ||| qw: Do second Lair branch before Depths: true
     0 | D:1      | 0 ||| qw: Lair rune preference: random
     0 | D:1      | 0 ||| qw: Plans: Normal
     0 | D:1      | 0 ||| PLANNING D:1-11
    56 | D:1      | Reached XP level 2. HP: 17/17 MP: 2/2
   548 | D:1      | Reached XP level 3. HP: 21/21 MP: 3/3
   607 | D:1      | 607 ||| DROPPING +6 ring of intelligence.
   608 | D:1      | 608 ||| READING 2 scrolls labelled HUESHE BYWUHODGHA.
   609 | D:1      | 609 ||| READING 4 scrolls labelled OKHUATRE JAEC.
   610 | D:1      | 610 ||| READING 3 scrolls of identify.
   610 | D:1      | 610 ||| IDENTIFYING bubbling brown potion
   611 | D:1      | 611 ||| READING 2 scrolls of identify.
   611 | D:1      | 611 ||| IDENTIFYING white potion
   612 | D:1      | 612 ||| DROPPING scroll of magic mapping.
   613 | D:1      | 613 ||| DROPPING scroll of butterflies.
   663 | D:2      | Found Visydwun's Weapon Boutique.
   710 | D:2      | Reached skill level 5 in Ranged Weapons
   755 | D:2      | Noticed Terence
   769 | D:2      | Slain by Terence

Levels and vault maps discovered:
D:1:      dpeg_arrival_tiny_a, layout_basic
D:2:      layout_basic, serial_shops, nicolae_shop_pleasant_corner_grove,
          hangedman_decor_clover_reticule, uniq_terence

Skill      XL: |  1  2  3 |
---------------+----------+-----
Ranged Weapons | 5 |  5.1
Fighting       | |  2.1
Dodging        | |  1.5
Stealth        | |  1.1

Action                     || total
---------------------------++-------
   Fire: Shortbow          ||    91
    Use: Scroll            ||     4
 Armour: Leather armour    ||    12
  Dodge: Dodged            ||    22

Table legend:
 A = Non-vault XP
 B = Vault XP
 C = Vault XP percentage of total XP
 D = Non-vault monster count
 E = Vault monster count
 F = Vault count percentage of total count
                 A         B        C        D         E       F
            +---------+---------+-------+---------+---------+-------
      Total |      50 |       0 |   0.0 |      26 |       0 |   0.0
            +---------+---------+-------+---------+---------+-------
        D:1 |      34 |       0 |   0.0 |      23 |       0 |   0.0
        D:2 |      16 |       0 |   0.0 |       3 |       0 |   0.0
            +---------+---------+-------+---------+---------+-------
